 Dungeon Crawl Stone Soup version 0.29-a0-902-g0f71de6fce (webtiles) character file.

Game seed: 16303531802354012936

161339 cibx the Unseen (level 17, -5/86 HPs)
             Began as a Spriggan Enchanter on July 24, 2022.
             Was the Champion of Dithmenos.
             Killed by divine providence
             ... invoked by a meliai
              (9 damage)
             ... on level 15 of the Dungeon.
             The game lasted 00:55:52 (27243 turns).

cibx the Unseen (Spriggan Enchanter)               Turns: 27243, Time: 00:55:53

Health: -5/86      AC: 15    Str:  9    XL:     17   Next: 19%
Magic:  36/38      EV: 34    Int: 18    God:    Dithmenos [******]
Gold:   2157       SH:  5    Dex: 22    Spells: 30/49 levels left

rFire   . . .      SeeInvis +   y - +7 quick blade of Dim Light {flame, Int+3}
rCold   + . .      Faith    .   (no shield)
rNeg    . . .      Spirit   .   i - +2 robe {rC+}
rPois   .          Reflect  +   G - +2 hat
rElec   .          Harm     .   j - +2 cloak
rCorr   .          Rampage  .   (gloves unavailable)
Will    ++...                   (boots unavailable) Stlth ****++++++
                                e - amulet of reflection
HPRegen 0.24/turn               x - +4 ring of protection
MPRegen 0.26/turn               D - +4 ring of evasion

@: wreathed by umbra, very quick
A: very small, no large weapons, unfitting armour, see invisible, speed 3,
iridescent scales 1, agile 1
a: Renounce Religion, Shadow Step, Shadow Form


You were on level 15 of the Dungeon.
You worshipped Dithmenos.
Dithmenos was exalted by your worship.
You visited 4 branches of the dungeon, and saw 23 of its levels.
You also visited: Sewer and Bailey.

You collected 2589 gold pieces.
You spent 432 gold pieces at shops.

Inventory:

Hand Weapons
 a - a +5 vampiric dagger
 r - a +1 dagger of venom
 y - the +7 quick blade of Dim Light (weapon) {flame, Int+3}
   (You acquired it on level 8 of the Dungeon)

   It burns those it strikes, dealing additional fire damage.
   Int:       It affects your intelligence (+3).
Missiles
 b - a curare-tipped dart
 d - 5 throwing nets (quivered)
 p - 55 poisoned darts
 Q - 4 atropa-tipped darts
Armour
 i - a +2 robe of cold resistance (worn)
 j - a +2 cloak (worn)
 G - a +2 hat (worn)
 I - a scarf of invisibility
 K - a scarf of invisibility
Jewellery
 e - an amulet of reflection (around neck)
 x - a +4 ring of protection (left hand)
 D - a +4 ring of evasion (right hand)
 F - a +6 ring of strength
 H - an amulet of magic regeneration
Wands
 f - a wand of mindburst (34)
 t - a wand of digging (13)
 v - a wand of charming (13)
 E - a wand of flame (25)
 L - a wand of quicksilver (6)
 P - a wand of roots (3)
 T - a wand of polymorph (3)
Scrolls
 o - 6 scrolls of teleportation
 s - 4 scrolls of fear
 u - 9 scrolls of butterflies
 w - 5 scrolls of vulnerability
 z - a scroll of blinking
 M - 2 scrolls of magic mapping
 N - 5 scrolls of enchant armour
 O - a scroll of immolation
 R - 3 scrolls of amnesia
 S - a scroll of enchant weapon
 U - 2 scrolls of identify
Potions
 c - 5 potions of invisibility
 g - 8 potions of curing
 h - 3 potions of magic
 k - 3 potions of mutation
 l - 3 potions of might
 n - 7 potions of brilliance
 q - 4 potions of lignification
 A - a potion of resistance
 C - 4 potions of haste
 J - 2 potions of ambrosia
Miscellaneous
 B - a tin of tremorstones (1/2)


   Skills:
 - Level 8.9 Fighting
 - Level 11.0 Short Blades
 - Level 13.8 Dodging
 - Level 18.8 Stealth
 - Level 16.8 Spellcasting
 + Level 16.2 Hexes


You had 30 spell levels left.
You knew the following spells:

 Your Spells              Type           Power      Damage    Failure   Level
a - Ensorcelled Hibernat  Hex/Ice        88%        N/A       1%          2
b - Tukima's Dance        Hex            65%        N/A       0%          3
c - Dazzling Flash        Conj/Hex       88%        N/A       1%          3
d - Confusing Touch       Hex            65%        N/A       0%          3
e - Discord               Hex            32%        N/A       32%         8

Your spell library contained the following spells:

 Spells                   Type           Power      Damage    Failure   Level
 Slow                     Hex            100%       N/A       0%          1
 Inner Flame              Hex/Fire       44%        N/A       1%          3
 Portal Projectile        Hex/Tloc       88%        N/A       1%          3
 Cause Fear               Hex            32%        N/A       1%          4
 Necrotise                Necr           60%        1d7       4%          1
 Shock                    Conj/Air       60%        1d6       4%          1
 Sting                    Tmut/Pois      60%        1d6       4%          1
 Summon Small Mammal      Summ           60%        N/A       4%          1
 Poisonous Vapours        Pois/Air       30%        N/A       6%          2
 Static Discharge         Conj/Air       15%        3-5/arc   6%          2
 Ozocubu's Armour         Ice            15%        N/A       12%         3
 Swiftness                Air            15%        N/A       12%         3
 Vampiric Draining        Necr           15%        2d7       12%         3
 Airstrike                Air            7%         0-4+      36%         4
 Animate Dead             Necr           15%        N/A       36%         4
 Dispel Undead            Necr           15%        3d10      36%         4
 Olgreb's Toxic Radiance  Pois           15%        N/A       36%         4
 Sticky Flame             Conj/Fire      15%        2d4       36%         4
 Agony                    Necr           15%        N/A       73%         5
 Blade Hands              Tmut           7%         N/A       73%         5
 Haunt                    Necr/Summ      7%         N/A       100%        7
 Ozocubu's Refrigeration  Ice            7%         4d6       100%        7
 Infestation              Necr           7%         N/A       100%        8


Dungeon Overview and Level Annotations

Branches:
Dungeon (15/15)            Temple (1/1) D:4            Lair (5/5) D:10
 Shoals (0/4) Lair:2        Snake (0/4) Lair:2        Slime (0/5) Lair:5
    Orc (2/2) D:10            Elf (0/3) Orc:2        Vaults (0/5) D:13
  Sewer (visited)          Bailey (visited)
 Depths: D:15

Altars:
Ashenzari
Cheibriados
Dithmenos
Elyvilon
Fedhas
Gozag
Hepliaklqana
Kikubaaqudgha
Makhleb
Nemelex Xobeh
Okawaru
Qazlal
Ru
Sif Muna
Trog
Uskayaw
Vehumet
Wu Jian
Yredelemnul
Zin
The Shining One
Jiyva

Shops:
D:8 [   D:14 :   Orc:2 :(*(


Innate Abilities, Weirdness & Mutations

You are very small and have problems with some larger weapons.
You are too small for most types of armour.
You have supernaturally acute eyesight. (SInv)
You cover ground extremely quickly. (Speed+++)
You are partially covered in iridescent scales. (AC +2)
You are agile. (Dex +4, Str/Int -1)


Message History

Flame seeps out of the boulder beetle.
The meliai is engulfed in blazing flames.
Flame seeps out of the meliai.
The meliai calls upon its god to heal the meliai.
The meliai is healed somewhat.
The meliai completely misses you.
The meliai stings you but does no damage.
Unknown command.
You feel much better. The meliai completely misses you.
You block the meliai's attack. x2; The meliai stings you.
* * * LOW HITPOINT WARNING * * *
The meliai calls upon its god to heal the meliai.
The meliai is healed somewhat.
The boulder beetle is engulfed in blazing flames.
Flame seeps out of the boulder beetle.
The boulder beetle stops rolling and uncurls.
The meliai calls down the wrath of its god upon you.
Something smites you!
* * * LOW HITPOINT WARNING * * *
The meliai calls upon its god to heal the meliai.
The meliai is healed somewhat.
The meliai calls upon its god to heal the meliai.
The meliai is healed somewhat.
The meliai completely misses you. x2
Unknown command.
The meliai attacks as you move away! The meliai closely misses you.
The meliai misses you.
The meliai calls upon its god to heal the meliai.
The meliai is healed somewhat.
The meliai invokes the aid of its god against you.
Something smites you!
* * * LOW HITPOINT WARNING * * *
The meliai calls upon its god to heal the meliai.
The meliai is healed somewhat.
The boulder beetle is engulfed in blazing flames.
Flame seeps out of the boulder beetle.
Unknown command.
The meliai attacks as you move away! The meliai completely misses you.
The meliai stings you but does no damage.
The meliai calls down the wrath of its god upon you.
Something smites you!
You die...

..##...#####.# .....#
..##...# #[##.....#
..##...# #.##..####
..##...# #.##..# ..##...#
#.##..# ..##...# #.##..#
..P#...#####.##..# .#
..≈P.P.......##..# .#
.≈≈≈≈≈PP≈.......@# ..###
.≈≈≈♣≈♣≈≈P.#.....###.....
≈≈♣♣♣ ♣≈PP.#....yy.......
P≈≈♣ ♣P≈P##.##yy......##
P≈P♣♣♣♣♣≈P## #.B......#
.P≈≈♣≈≈≈≈P# #y.......#
.P≈P≈P≈P≈## #....../.#
...≈PP..## #........#
..##≈P≈## #........#


You could see a boulder beetle (inner flame) and 5 meliai.

Vanquished Creatures
  Gastronok (D:10)
  Nessos (D:12)
  Snorg (Lair:5)
  A fire dragon (Lair:5)
  An ettin (Orc:2)
  3 vault guards (D:13)
  A catoblepas (Lair:5)
  4 hydras
  Harold (D:11)
  4 two-headed ogres
  A boulder beetle (D:14)
  3 centaur warriors
  A death knight (D:15)
  2 tengu warriors (D:14)
  2 orc high priests
  Urug (D:11)
  Nergalle (Lair:3)
  5 skeletal warriors (D:11)
  A swamp dragon (Lair:5)
  A wizard (D:14)
  2 orc knights
  4 orc sorcerers (Orc:2)
  9 ugly things
  4 cyclopes
  A wolf spider (Lair:5)
  Maurice (D:10)
  2 guardian serpents
  2 merfolk sirens (Lair:2)
  A manticore (D:13)
  11 elephants
  A black mamba (shapeshifter) (D:14)
  8 black mambas
  4 orange demons (D:14)
  19 cane toads
  A gargoyle (D:13)
  2 unseen horrors
  6 rime drakes
  An unseen horror (shapeshifter) (D:14)
  A kobold demonologist (D:13)
  7 komodo dragons
  2 tengu conjurers (D:14)
  A red devil (D:14)
  A merfolk (Lair:2)
  A meliai (D:15)
  6 trolls
  2 hornets (Lair:5)
  3 slime creatures (D:15)
  32 blink frogs
  13 wyverns
  A centaur simulacrum (D:14)
  A basilisk (Lair:3)
  3 wraiths
  23 yaks
  A basilisk (shapeshifter) (D:14)
  4 redbacks (Lair:5)
  3 steam dragons
  2 vampire mosquitoes (D:14)
  6 wargs
  An acid dragon (D:12)
  18 water moccasins
  3 swamp drakes (Lair:5)
  22 orc warriors
  2 sky beasts
  2 black bears (D:6)
  4 ice beasts
  6 wolves (Lair:1)
  3 ogres
  9 centaurs
  3 kobold brigands
  3 necrophages
  11 bullfrogs
  A scorpion (D:5)
  2 wights (D:7)
  16 killer bees
  6 howler monkeys
  A vampire bat (D:3)
  6 electric eels
  A lava snake (Lair:5)
  Crazy Yiuf (D:5)
  22 orc priests
  A gnoll bouda (D:5)
  5 hounds
  3 jellies
  8 iguanas
  31 orc wizards
  6 adders
  14 gnolls
  A river rat (D:4)
  4 white imps
  An ufetubus (D:6)
  3 worms
  2 dart slugs
  6 fire bats
  59 orcs
  2 spectral bats (D:3)
  12 ball pythons
  3 bat skeletons (D:3)
  A bat zombie (D:3)
  7 endoplasms
  3 giant cockroaches
  11 goblins
  10 hobgoblins
  3 jackals (D:4)
  4 quokkas
  17 bats
  A bat simulacrum (D:3)
  4 frilled lizards
  26 kobolds
  8 rats
  A spectral hobgoblin (D:9)
628 creatures vanquished.

Vanquished Creatures (collateral kills)
  An orc warlord (Bailey)
  A vault guard (D:12)
  Erica (Lair:1)
  A two-headed ogre (Orc:1)
  A merfolk siren (Lair:2)
  A troll (Orc:2)
  A warg (Orc:2)
  5 orc warriors
  2 gnoll sergeants
  3 wights (D:7)
  A hound (D:7)
  4 orc priests
  3 orc wizards
  3 gnolls
  9 orcs
  A goblin (D:3)
  A kobold (Bailey)
39 creatures vanquished.

Vanquished Creatures (others)
  22 dancing weapons
  An orc warrior (Bailey)
  An orc wizard (D:12)
  17 fungi
  49 plants
90 creatures vanquished.

Grand Total: 757 creatures vanquished

Notes
Turn   | Place    | Note
-------+----------+-------------------------------------------
     0 | D:1      | cibx the Spriggan Enchanter began the quest for the Orb.
     0 | D:1      | Reached XP level 1. HP: 9/9 MP: 5/5
   337 | D:2      | Reached XP level 2. HP: 13/13 MP: 7/7
   340 | D:2      | Learned a level 2 spell: Ensorcelled Hibernation
   966 | D:1      | Reached XP level 3. HP: 14/16 MP: 9/9
  1040 | D:1      | Gained mutation: You are partially covered in iridescent
                  | scales. (AC +2) [potion of mutation]
  1040 | D:1      | Gained mutation: You are agile. (Dex +4, Str/Int -1)
                  | [potion of mutation]
  1085 | D:1      | Found a faded altar of an unknown god.
  1095 | D:1      | Got Plato's Encyclopedia of Creation
  1635 | D:1      | Learned a level 3 spell: Tukima's Dance
  1639 | D:1      | Learned a level 3 spell: Confusing Touch
  1892 | D:3      | Reached skill level 5 in Hexes
  1892 | D:3      | Reached XP level 4. HP: 21/21 MP: 8/11
  2017 | D:3      | Found an ornate altar of the Wu Jian Council.
  2308 | D:3      | Reached XP level 5. HP: 24/24 MP: 13/13
  2312 | D:3      | Reached skill level 5 in Spellcasting
  2968 | D:4      | Found a large runed translucent door.
  2968 | D:4      | Found a large runed translucent door.
  2988 | D:4      | Found a staircase to the Ecumenical Temple.
  3050 | D:4      | Reached XP level 6. HP: 28/28 MP: 8/15
  3186 | D:4      | Reached skill level 5 in Stealth
  3460 | D:4      | Found a glowing drain.
  3473 | Sewer    | Entered a sewer
  4167 | D:4      | Found a broken altar of Ashenzari.
  4170 | D:4      | Found an ancient bone altar of Kikubaaqudgha.
  4196 | Temple   | Entered the Ecumenical Temple
  4209 | Temple   | Became a worshipper of Dithmenos the Shadowed
  4239 | D:5      | Entered Level 5 of the Dungeon
  4276 | D:5      | Noticed an orc warrior
  4282 | D:5      | Killed an orc warrior
  4283 | D:5      | Reached skill level 6 in Stealth
  4283 | D:5      | Reached XP level 7. HP: 32/32 MP: 9/17
  4689 | D:5      | Reached skill level 7 in Stealth
  5064 | D:5      | Reached XP level 8. HP: 36/36 MP: 16/20
  5141 | D:5      | Reached skill level 8 in Stealth
  5530 | D:5      | Found a runed translucent door.
  5531 | D:5      | Noticed Crazy Yiuf
  5538 | D:5      | Killed Crazy Yiuf
  5783 | D:6      | Reached * piety under Dithmenos
  5910 | D:6      | Reached skill level 9 in Stealth
  6414 | D:6      | Reached skill level 10 in Stealth
  6523 | D:6      | Reached XP level 9. HP: 39/39 MP: 19/23
  6846 | D:7      | Found a burning altar of Makhleb.
  7131 | D:7      | Reached ** piety under Dithmenos
  7132 | D:7      | Reached skill level 11 in Stealth
  7132 | D:7      | Reached skill level 10 in Hexes
  7167 | D:7      | Identified the +3 hand axe "Lorem Ipsum" {drain, Int+4}
  7415 | D:7      | Reached skill level 1 in Fighting
  7514 | D:7      | Found a glowing silver altar of Zin.
  7524 | D:7      | Found a bloodstained altar of Trog.
  7566 | D:7      | Reached skill level 10 in Spellcasting
  7819 | D:7      | Found a sparkling altar of Nemelex Xobeh.
  7847 | D:7      | Found an iron altar of Okawaru.
  8018 | D:8      | Found Reynuom's Antique Armour Shoppe.
  8087 | D:8      | Found a shimmering altar of Xom.
  8087 | D:8      | Found a shimmering altar of Xom.
  8088 | D:8      | Found a shimmering altar of Xom.
  8088 | D:8      | Found a shimmering altar of Xom.
  8088 | D:8      | Found a shimmering altar of Xom.
  8088 | D:8      | Found a shimmering altar of Xom.
  8322 | D:8      | Noticed a cane toad
  8322 | D:8      | Noticed a polar bear
  8466 | D:8      | Identified a scroll of acquirement
  8466 | D:8      | Acquired the +7 quick blade of Dim Light {flame, Int+3}
  8526 | D:8      | Noticed a harpy
  8830 | D:9      | Noticed a five-headed hydra
  8838 | D:9      | Killed a five-headed hydra
  8839 | D:9      | Reached XP level 10. HP: 46/46 MP: 25/25
  8910 | D:9      | Found a flagged portal.
  8918 | Bailey   | Entered a bailey
  8923 | Bailey   | Noticed an orc warlord
  8990 | Bailey   | Found a runed translucent gate.
  9070 | Bailey   | Noticed an orc knight
  9086 | Bailey   | Killed an orc knight
  9087 | Bailey   | Reached skill level 5 in Dodging
  9087 | Bailey   | Reached skill level 12 in Stealth
  9144 | Bailey   | Found a runed translucent gate.
  9148 | Bailey   | Found a runed translucent gate.
  9188 | Bailey   | Killed an orc warlord
  9226 | Bailey   | Reached *** piety under Dithmenos
 10056 | D:9      | Found a hazy altar of Hepliaklqana.
 10088 | D:10     | Entered Level 10 of the Dungeon
 10088 | D:10     | Noticed Gastronok
 10138 | D:9      | Learned a level 3 spell: Dazzling Flash
 10403 | D:10     | Noticed a two-headed ogre
 10419 | D:10     | Reached skill level 5 in Short Blades
 10427 | D:10     | Killed a two-headed ogre
 10476 | D:10     | Reached XP level 11. HP: 52/52 MP: 17/27
 10489 | D:10     | Found a staircase to the Lair.
 10587 | D:10     | Reached **** piety under Dithmenos
 10800 | D:10     | Killed Gastronok
 10801 | D:10     | Reached skill level 13 in Stealth
 10922 | D:10     | Noticed Maurice
 10924 | D:10     | Killed Maurice
 10969 | D:10     | Noticed a two-headed ogre
 10974 | D:10     | Killed a two-headed ogre
 10990 | D:10     | Found a staircase to the Orcish Mines.
 11059 | D:11     | Noticed a skeletal warrior
 11060 | D:11     | Noticed a skeletal warrior
 11061 | D:11     | Noticed a skeletal warrior
 11062 | D:11     | Noticed a skeletal warrior
 11062 | D:11     | Noticed a skeletal warrior
 11063 | D:11     | Killed a skeletal warrior
 11066 | D:11     | Killed a skeletal warrior
 11069 | D:11     | Killed a skeletal warrior
 11457 | D:11     | Noticed a green ugly thing
 11461 | D:11     | Killed a green ugly thing
 11681 | D:11     | Noticed Urug
 11719 | D:11     | Killed Urug
 11990 | D:11     | Noticed Harold
 12002 | D:11     | Killed Harold
 12003 | D:11     | Reached skill level 14 in Stealth
 12040 | D:11     | Noticed a two-headed ogre
 12047 | D:11     | Killed a two-headed ogre
 12082 | D:11     | Reached skill level 5 in Fighting
 12137 | D:11     | Killed a skeletal warrior
 12138 | D:11     | Reached XP level 12. HP: 60/60 MP: 15/29
 12572 | D:12     | Noticed Nessos
 12609 | D:12     | Killed Nessos
 13642 | D:13     | Found a gate to the Vaults.
 13642 | D:13     | Noticed a five-headed hydra
 13642 | D:13     | Noticed a vault guard
 13642 | D:13     | Noticed a vault guard
 13642 | D:13     | Noticed a vault guard
 13642 | D:13     | Noticed a vault guard
 13642 | D:13     | Noticed a centaur warrior
 13883 | D:13     | Killed a vault guard
 14005 | D:13     | Killed a vault guard
 14117 | D:13     | Killed a centaur warrior
 14118 | D:13     | Reached skill level 15 in Stealth
 14336 | D:13     | Noticed a centaur warrior
 14343 | D:13     | Killed a centaur warrior
 14386 | D:13     | Killed a five-headed hydra
 14480 | D:12     | Killed a vault guard
 14534 | D:13     | Killed a vault guard
 14535 | D:13     | Reached skill level 10 in Dodging
 15083 | D:14     | Found Opheoc's Book Shoppe.
 15083 | D:14     | Noticed a boulder beetle
 15089 | D:14     | Killed a boulder beetle
 15390 | D:14     | Reached XP level 13. HP: 60/65 MP: 26/31
 15995 | D:14     | Reached skill level 16 in Stealth
 16577 | Lair:1   | Entered Level 1 of the Lair of Beasts
 16634 | Lair:1   | Reached ***** piety under Dithmenos
 16909 | Lair:1   | Noticed Erica
 16926 | Lair:1   | Killed Erica
 17925 | Lair:2   | Found a staircase to the Shoals.
 18210 | Lair:2   | Found a staircase to the Snake Pit.
 18868 | Lair:3   | Noticed Nergalle
 18895 | Lair:3   | Killed Nergalle
 19832 | Lair:4   | Reached XP level 14. HP: 72/72 MP: 33/33
 19887 | Lair:4   | Identified the +8 long sword "Demonbane" {flame, rPois rN+
                  | Dex+4}
 20032 | Lair:4   | Reached skill level 17 in Stealth
 20088 | Lair:4   | Reached skill level 10 in Short Blades
 20641 | Lair:5   | Entered Level 5 of the Lair of Beasts
 20699 | Lair:5   | Reached ****** piety under Dithmenos
 21522 | Lair:5   | Noticed Snorg
 21581 | Lair:5   | Killed Snorg
 22116 | Lair:5   | Reached skill level 15 in Hexes
 22380 | Lair:5   | Found a viscous altar of Jiyva.
 22380 | Lair:5   | Found a staircase to the Slime Pits.
 22449 | Lair:5   | Reached skill level 18 in Stealth
 24118 | Orc:1    | Entered Level 1 of the Orcish Mines
 24151 | Orc:1    | Reached skill level 15 in Spellcasting
 24176 | Orc:1    | Reached XP level 15. HP: 50/78 MP: 10/35
 24186 | Orc:1    | Reached XP level 16. HP: 53/82 MP: 11/36
 24187 | Orc:1    | Reached XP level 17. HP: 56/86 MP: 11/38
 24388 | Orc:2    | Entered Level 2 of the Orcish Mines
 24392 | Orc:2    | Found a staircase to the Elven Halls.
 25902 | Orc:2    | Found Qifa's Antique Weapon Boutique.
 25902 | Orc:2    | Found Wiwn's Book Boutique.
 25903 | Orc:2    | Found Toofiz's Assorted Antiques.
 25912 | Orc:2    | Found Bull's Weapon Shop.
 25921 | Orc:2    | Bought a book of Hexes for 432 gold pieces
 25973 | Orc:2    | Learned a level 8 spell: Discord
 27006 | D:15     | Entered Level 15 of the Dungeon
 27239 | D:15     | HP: 1/86 [meliai/divine providence (13)]
 27243 | D:15     | Killed from afar by a meliai

Illustrated notes

Levels and vault maps discovered:
D:1:      dpeg_arrival_ratfight, layout_rooms,
          shapermc_ecumenical_altar_rom_forum
D:2:      layout_loops_ring, kennysheep_generic_room_11
D:3:      layout_basic, nicolae_wu_jian_immortal_techniques,
          serial_bayou_pond_c, grunt_ministairs_1, minmay_liquid_box,
          goddamned_bats
D:4:      layout_loops_ring, jmf_multi_god_temple2,
          minmay_temple_entry_overgrown, portal_sewer_entry_a, kennysheep_nub
D:5:      layout_loops_ring, serial_rivers, chequers_serial_rivers_room_b,
          chequers_serial_rivers_room_a, chequers_serial_rivers_micro_b,
          chequers_serial_rivers_micro_a, uniq_crazy_yiuf_cottage
D:6:      layout_basic
D:7:      layout_gridville, general_overflow_altar, nemelex_spade_bored_becter,
          amethyst_overflow_temple_binary, mainiacjoe_overflow_small_starburst
D:8:      layout_basic, xom_shifter_show, nicolae_stop_n_shop_1
D:9:      layout_basic, nicolae_hepliaklqana_monster_ancestors, enter_bailey_4
D:10:     layout_roguey, erik_lair_orcish_takeover, uniq_gastronok, uniq_maurice
D:11:     layout_roguey, uniq_urug, uniq_harold
D:12:     layout_basic, serial_park_tiny_pond, nrook_uturn, minmay_orc_keep,
          uniq_nessos
D:13:     layout_stronghold, lightli_vaults_fourway_checkpoint
D:14:     layout_basic, minmay_staircase_windowed_large, serial_shops,
          nicolae_shop_advertising_works [nicolae_subvault_shop_adworks],
          drop_trap, minmay_beelzebubs_servants
D:15:     grunt_enter_depths_magical_seal, layout_long_grid, serial_bayou_pond_c
Temple:   hellmonk_temple_two_chambers
Lair:1:   layout_cave_pods, uniq_erica
Lair:2:   layout_cave_pods, elwin_shoals_entry_stream,
          minmay_snake_entry_spellcaster
Lair:3:   layout_cave_pods, serial_bayou_lake_a, uniq_nergalle
Lair:4:   layout_misc_corridors, infiniplex_staircase_pool
Lair:5:   guppyfry_lair_end_dragon, layout_gridlike,
          hangedman_lair_tendril_chambers, dpeg_slime_entry_enclosed, uniq_snorg
Orc:1:    layout_caves
Orc:2:    st_orc_mages, layout_diamond_mine

Skill      XL: |  1  2  3  4  5  6  7  8  9 10 11 12 13 14 15 16 17 |
---------------+----------------------------------------------------+-----
Spellcasting   | 3 4 5 6 7 9 10 11 12 13 14 15 16 | 16.8
Hexes          | 4 5 6 7 8 9 10 11 12 13 14 15 16 | 16.2
Stealth        | 6 7 10 11 12 14 15 16 18 | 18.8
Dodging        | 4 6 8 10 11 13 | 13.8
Fighting       | 2 3 5 6 7 8 |  8.9
Short Blades   | 3 5 6 8 9 11 | 11.0

Action                   |  1- 3 |  4- 6 |  7- 9 | 10-12 | 13-15 | 16-18 || total
-------------------------+-------+-------+-------+-------+-------+-------++-------
Melee: Dagger            |   112 |   219 |   266 |       |       |       ||   597
       Punch             |       |     1 |       |     9 |    13 |    11 ||    34
       Quick blade       |       |       |     6 |   463 |   936 |   389 ||  1794
 Cast: Ensorcelled Hiber |     6 |    16 |    71 |    30 |    75 |    12 ||   210
       Tukima's Dance    |       |     5 |    31 |    41 |    16 |    29 ||   122
       Confusing Touch   |       |     2 |    10 |    11 |     7 |       ||    30
       Dazzling Flash    |       |       |       |     8 |     9 |       ||    17
Invok: Shadow Step       |       |       |       |     3 |     1 |     2 ||     6
Evoke: Wand              |       |       |       |     4 |     1 |       ||     5
       Tin of tremorston |       |       |       |     2 |       |     1 ||     3
  Use: Scroll            |     7 |     8 |    11 |     9 |     6 |     3 ||    44
       Potion            |     1 |       |     1 |     3 |    12 |     5 ||    22
 Stab: Sleeping          |    14 |     9 |    48 |    38 |    99 |    19 ||   227
       Distracted        |       |     2 |       |     3 |     8 |     2 ||    15
       Confused          |       |     3 |    11 |    17 |     8 |       ||    39
       Invisible         |       |       |       |     2 |     7 |     1 ||    10
       Petrified         |       |       |       |       |     3 |       ||     3
       Petrifying        |       |       |       |       |     1 |       ||     1
Armor: Robe              |    15 |    60 |    41 |    46 |    90 |    27 ||   279
Dodge: Dodged            |    63 |   260 |   207 |   233 |   510 |   276 ||  1549
Block: Other             |    18 |    65 |    50 |    71 |   103 |    46 ||   353
       Reflection        |       |       |     2 |     4 |       |       ||     6

Table legend: (Time is in decaauts)
 A = Elapsed time spent in this place.
 B = Non-inter-level travel time spent in this place.
 C = Inter-level travel time spent in this place.
 D = Time resting spent in this place.
 E = Time spent auto-exploring this place.
 F = Levels seen in this place.
 G = Mean time per level.
                   A        B        C        D        E       F      G
               +--------+--------+--------+--------+--------+-----+--------+
         Total |  19853 |  19157 |    696 |   2197 |  12760 |  25 |  794.1 |
       Dungeon |  11889 |  11452 |    437 |   1119 |   7876 |  15 |  792.6 |
        Temple |     11 |      8 |      3 |      0 |      4 |   1 |   11.0 |
          Lair |   5307 |   5151 |    156 |    619 |   3494 |   5 | 1061.4 |
  Orcish Mines |   2003 |   1904 |     99 |    399 |   1043 |   2 | 1001.5 |
         Sewer |    141 |    141 |      0 |      0 |     63 |   1 |  141.0 |
        Bailey |    500 |    500 |      0 |     58 |    278 |   1 |  500.0 |
               +--------+--------+--------+--------+--------+-----+--------+

Top non-repeatable levels by time:
  Lair:5: 2396 daAuts
   Orc:2: 1340 daAuts
     D:7: 1121 daAuts
     D:4: 1060 daAuts
    D:13: 1051 daAuts
    D:14: 1012 daAuts
    D:11: 954 daAuts
     D:5: 946 daAuts
    D:12: 911 daAuts
     D:3: 842 daAuts
  Lair:1: 820 daAuts
     D:6: 818 daAuts
    D:10: 747 daAuts
  Lair:2: 724 daAuts
  Lair:4: 704 daAuts
